 Dungeon Crawl Stone Soup version 0.29.1-2-gbd0b4ee654 (webtiles) character file.

Game seed: 17083875100097236939

295 qeuew the Shield-Bearer (level 6, 0/32 HPs)
             Began as a Vine Stalker Fighter on Nov 8, 2022.
             Killed by divine providence
             ... invoked by an orc priest
              (10 damage)
             ... on level 4 of the Dungeon.
             The game lasted 00:04:05 (3101 turns).

qeuew the Shield-Bearer (Vine Stalker Fighter)      Turns: 3101, Time: 00:04:05

Health: 0/32       AC:  7    Str: 19    XL:     6   Next: 34%
Magic:  0/10       EV: 10    Int: 20    God:
Gold:   180        SH:  0    Dex: 15    Spells: 9/9 levels left

rFire   . . .      SeeInvis .   a - +1 war axe (flame)
rCold   . . .      Faith    .   c - +0 buckler
rNeg    . . .      Spirit   +   b - +1 scale mail
rPois   .          Reflect  .   (no helmet)
rElec   .          Harm     .   (no cloak)
rCorr   .          Rampage  .   (no gloves)
Will    .....                   (no boots)
Stlth   ..........              l - amulet of regeneration
HPRegen 1.70/turn               h - +6 ring of intelligence
MPRegen 0.12/turn               k - +6 ring of intelligence

@: confused, mighty
A: fangs 2, regeneration 1, magic shield, antimagic bite, no potion heal 2
a: no special abilities


You were on level 4 of the Dungeon.
You visited 1 branch of the dungeon, and saw 4 of its levels.

You collected 180 gold pieces.

Inventory:

Hand Weapons
 a - a +1 war axe of flaming (weapon)
Missiles
 g - a throwing net (quivered)
Armour
 b - a +1 scale mail (worn)
 c - a +0 buckler (worn)
Jewellery
 h - a +6 ring of intelligence (left hand)
 k - a +6 ring of intelligence (right hand)
 l - an amulet of regeneration (around neck)
Wands
 n - a wand of light (2)
Scrolls
 i - a scroll of enchant armour
 o - a scroll of blinking {unknown}
Potions
 e - 4 potions of curing
 f - a potion of haste
 j - a potion of magic {unknown}
 m - a potion of invisibility {unknown}


   Skills:
 + Level 3.5 Fighting
 + Level 2.8 Axes
 + Level 3.2 Armour
 + Level 1.7 Dodging
 + Level 3.5 Shields
 + Level 2.2 Spellcasting


You had 9 spell levels left.
You didn't know any spells.
Your spell library was empty.

Dungeon Overview and Level Annotations

Branches:
Dungeon (4/15)
 Temple: D:4-7

Altars:
Xom


Innate Abilities, Weirdness & Mutations

You have extremely sharp teeth.
Your natural rate of healing is unusually fast.
When hurt, damage is shared between your health and your magic reserves.
Your bite disrupts and absorbs the magic of your enemies.
Potions cannot restore your health.


Message History

The orc priest calls down the wrath of Beogh upon you.
Beogh smites you!
Unknown command.
You're too confused to move!
You hear some strange, mumbled words.
A magic dart appears from out of thin air!
The magic dart hits you. The orc hits you with a +0 hand axe.
The orc wizard hits you with a +0 dagger.
You barely miss the orc wizard. Your bite misses the orc wizard.
You barely miss the orc. You hit something. You burn something.
Something hits you but does no damage. The orc hits you with a +0 hand axe.
The orc wizard casts a spell at you. The puff of flame hits you.
Something hits you but does no damage. The orc closely misses you.
The orc wizard hits you but does no damage.
You're too confused to move!
You hear some strange, mumbled words.
A magic dart appears from out of thin air!
The magic dart hits you.
The orc wizard hits you with a +0 dagger.
The orc hits you with a +0 hand axe.
* * * LOW HITPOINT WARNING * * *
The orc wizard attacks as you move away!
The orc wizard hits you but does no damage.
You feel less confused.
You hear some strange, mumbled words.
You are confused.
You're too confused to move!
You hear some strange, mumbled words.
A puff of flame appears from out of thin air!
The puff of flame hits you.
* * * LOW HITPOINT WARNING * * *
You feel very mighty all of a sudden. Something hits you but does no damage.
The orc priest barely misses you. Something hits you but does no damage.
The orc priest attacks as you move away!
The orc priest closely misses you.
The orc priest calls down the wrath of Beogh upon you.
Beogh smites you!
You die...

...........#
#.###.#.............
..........##
##....#.............
.........##
##...#.............
.........#
#####.............
.........#
#.......###+###...
.........#.
#.......'.....#...
###########.
#.......#.....#...
##'###.).....###...#...
#..)o.@.############...
#....o..#......
#...o...'......
#.......#+##..#
#######... '.... #....#
#....# ..####


You could see an orc priest, an orc wizard and an orc.

Vanquished Creatures
  4 jellies (D:4)
  An orc wizard (D:4)
  5 adders
  4 worms
  A dart slug (D:3)
  18 endoplasms
  5 giant cockroaches
  12 goblins
  3 hobgoblins
  A jackal (D:3)
  14 kobolds
  4 quokkas
  5 ball pythons
  4 bats
  2 frilled lizards
  3 rats
  A spectral kobold (D:1)
87 creatures vanquished.

Vanquished Creatures (others)
  8 fungi (D:4)
  8 toadstools (D:4)
16 creatures vanquished.

Grand Total: 103 creatures vanquished

Notes
Turn   | Place    | Note
-------+----------+-------------------------------------------
     0 | D:1      | qeuew the Vine Stalker Fighter began the quest for the Orb.
     0 | D:1      | Reached XP level 1. HP: 11/11 MP: 2/2
   170 | D:1      | Found a faded altar of an unknown god.
   186 | D:1      | Reached XP level 2. HP: 16/16 MP: 3/3
   458 | D:1      | Reached XP level 3. HP: 19/19 MP: 5/5
   558 | D:1      | Reached skill level 1 in Spellcasting
  1221 | D:2      | Gained mutation: Your natural rate of healing is unusually
                  | fast. [Vine Stalker growth]
  1221 | D:2      | Reached XP level 4. HP: 18/24 MP: 4/6
  1869 | D:3      | Reached skill level 1 in Dodging
  2288 | D:3      | Found a shimmering altar of Xom.
  2431 | D:3      | Reached XP level 5. HP: 21/28 MP: 4/8
  2878 | D:4      | Reached XP level 6. HP: 26/32 MP: 8/10
  3101 | D:4      | Killed from afar by an orc priest

Illustrated notes

Levels and vault maps discovered:
D:1:      matt_arrival_diagonals, layout_basic,
          dreamdust_ecumenical_altar_drowned_temple, minmay_close_crescents
D:2:      layout_basic, minmay_misc_feat_more_columns, minmay_pentomino_p4
D:3:      kennysheep_six_static_rooms, layout_loops_corners, tgw_xom
D:4:      cheibrodos_fertilizer, layout_gridville, corexii_checkpoint_a,
          kennysheep_orc_chapel

Skill      XL: |  1  2  3  4  5 |
---------------+----------------+-----
Axes           | 2 |  2.8
Spellcasting   | 1 2 |  2.2
Shields        | 3 |  3.5
Fighting       | 3 |  3.5
Dodging        | 1 |  1.7
Armour         | 3 |  3.2

Action                   |  1- 3 |  4- 6 || total
-------------------------+-------+-------++-------
Melee: War axe           |    65 |   120 ||   185
       Bite              |     6 |    27 ||    33
Throw: Throwing net      |       |     1 ||     1
  Use: Scroll            |     3 |     6 ||     9
       Potion            |     1 |     4 ||     5
Armor: Scale mail        |    23 |    56 ||    79
Dodge: Dodged            |    33 |    45 ||    78
Block: Buckler           |    12 |    31 ||    43
